 Dungeon Crawl Stone Soup version 0.31.0-9-g3a7656b989 (webtiles) character file.

Game seed: 7929810872588426260

153 qw the Skirmisher (level 5, -2/29 HPs)
             Began as a Deep Elf Hunter on Feb 2, 2024.
             Slain by Pargi (6 damage)
             ... in a sewer.
             The game lasted 00:00:09 (2349 turns).

qw the Skirmisher (Deep Elf Hunter)                 Turns: 2349, Time: 00:00:09

Health: -2/29      AC:  5    Str: 10    XL:     5   Next: 12%
Magic:  7/7        EV: 11    Int: 14    God:
Gold:   125        SH:  0    Dex: 18    Spells: 4/4 levels left

rFire   . . .        a - +1 shortbow (flame)
rCold   . . .        (shield currently unavailable)
rNeg    . . .        e - +0 ring mail
rPois   .            (no helmet)
rElec   .            (no cloak)
rCorr   .            (no gloves)
SInv    .            (no boots)
Will    .....        (no amulet)
Stlth   +            (no ring)
HPRegen 0.24/turn    (no ring)
MPRegen 0.10/turn

%: no passive effects
@: no status effects
A: no striking features
a: no special abilities


You were in a sewer.
You visited 1 branch of the dungeon, and saw 4 of its levels.
You also visited: Sewer.

You collected 125 gold pieces.


   Skills:
 - Level 1.5 Fighting
 + Level 8.5 Ranged Weapons
 - Level 2.4 Dodging
 - Level 1.2 Stealth


You had 4 spell levels left.
You didn't know any spells.
Your spell library was empty.

Inventory:

Hand Weapons
 a - a +1 shortbow of flaming (weapon)
Armour
 e - a +0 ring mail (worn)
Potions
 b - a potion of enlightenment {unknown}
 c - a potion of mutation

Dungeon Overview and Level Annotations

Branches:
Dungeon (4/15)              Sewer (1/1)
 Temple: D:4-7

Altars:

Shops:
D:2 [

Annotations:
D:4 1 runed translucent door, Crazy Yiuf Sewer Pargi


Message History

You shoot an arrow. The arrow hits Pargi.
The arrow burns Pargi.
Pargi is lightly wounded.
You shoot an arrow. The arrow closely misses Pargi.
You shoot an arrow. The arrow barely misses Pargi.
You shoot an arrow. The arrow closely misses Pargi.
You shoot an arrow. The arrow hits Pargi!
The arrow burns Pargi.
Pargi is moderately wounded.
You shoot an arrow. The arrow closely misses Pargi.
Pargi barely misses you. x2; Pargi claws you but does no damage.
You shoot an arrow. The arrow hits Pargi.
The arrow burns Pargi.
Pargi is heavily wounded.
Pargi bites you. Pargi claws you. Pargi closely misses you.
You shoot an arrow. The arrow hits Pargi.
The arrow burns Pargi.
Pargi is severely wounded.
Pargi bites you but does no damage. Pargi claws you. x2
You shoot an arrow. The arrow hits Pargi.
The arrow burns Pargi.
Pargi is severely wounded.
Pargi hisses menacingly.
Pargi bites you but does no damage. Pargi misses you.
Pargi claws you but does no damage.
You shoot an arrow. The arrow closely misses Pargi.
Pargi bites you but does no damage. Pargi claws you. x2
Pargi closely misses you. Pargi claws you but does no damage.
Pargi barely misses you.
You shoot an arrow. The arrow closely misses Pargi.
Pargi hisses menacingly.
Pargi barely misses you. Pargi claws you. x2
You shoot an arrow. The arrow closely misses Pargi.
Pargi snarls, "Go!
Away!"
Pargi closely misses you. Pargi barely misses you. x2
You shoot an arrow. The arrow barely misses Pargi.
Pargi bites you. Pargi claws you but does no damage. Pargi misses you.
You shoot an arrow. The arrow hits Pargi!
The arrow burns Pargi.
Pargi is severely wounded.
Pargi snarls, "Go!
Away!"
Pargi bites you. Pargi misses you. Pargi closely misses you.
You shoot an arrow. The arrow hits Pargi!
The arrow burns Pargi.
Pargi is almost dead.
Pargi bites you.
You die...

#.~~~.#
+.~~~.+
#.~~~.#
#)~~~.#
+.~~~.+
#.~~~.#
#.~~~.####
+@T\....\#
#.~~~.####
#.~~~.#
.'.~~~.+
###.~~~.#
#.~~~.#
+.~~~.'
#.~~~.#.


You could see Pargi.

Vanquished Creatures
  A hound (D:3)
  3 adders
  5 ribbon worms
  A dart slug (D:1)
  2 orcs
  4 endoplasms
  7 giant cockroaches
  6 goblins
  4 hobgoblins
  2 jackals (D:1)
  6 kobolds
  3 quokkas
  7 ball pythons
  14 bats
  4 frilled lizards (D:1)
  4 rats
73 creatures vanquished.

Notes
Turn   | Place    | Note
-------+----------+-------------------------------------------
     0 | D:1      | qw the Deep Elf Hunter began the quest for the Orb.
     0 | D:1      | Reached XP level 1. HP: 12/12 MP: 3/3
     0 | D:1      | 0 ||| qw: Version: 0.3-a-155-g5e7d8dd
     0 | D:1      | 0 ||| qw: Game counter: 2605
     0 | D:1      | 0 ||| qw: Melee chars always use a shield: true
     0 | D:1      | 0 ||| qw: God list: Okawaru
     0 | D:1      | 0 ||| qw: Allow faded altars: false
     0 | D:1      | 0 ||| qw: Do Orc after clearing Dungeon:15 true
     0 | D:1      | 0 ||| qw: Do second Lair branch before Depths: true
     0 | D:1      | 0 ||| qw: Lair rune preference: random
     0 | D:1      | 0 ||| qw: Goals: Normal
     0 | D:1      | 0 ||| PLANNING D:1-11
    92 | D:1      | Reached XP level 2. HP: 16/16 MP: 4/4
    93 | D:1      | Reached skill level 6 in Ranged Weapons
   452 | D:1      | 452 ||| UPGRADING to +0 ring mail.
   462 | D:1      | 462 ||| DROPPING +0 leather armour.
   463 | D:1      | 463 ||| READING 2 scrolls labelled XEOBBY BUFRATE.
   464 | D:1      | 464 ||| READING scroll labelled IVVENTISOM.
   464 | D:1      | 464 ||| ENCHANTING +0 shortbow.
   465 | D:1      | 465 ||| READING scroll labelled BIKHLAD VIZOSHA.
   465 | D:1      | 465 ||| IDENTIFYING green potion
   466 | D:1      | 466 ||| DROPPING scroll of butterflies.
   467 | D:1      | 467 ||| DROPPING scroll of revelation.
   468 | D:1      | 468 ||| DROPPING potion of brilliance.
   511 | D:2      | Reached XP level 3. HP: 20/20 MP: 5/5
   648 | D:2      | Found Nonom's Armour Boutique.
   661 | D:2      | 661 ||| SHOPLISTING +3 leather armour of cold resistance
                  | (336 gold, have 68).
   693 | D:2      | Reached skill level 7 in Ranged Weapons
  1030 | D:2      | Reached XP level 4. HP: 25/25 MP: 6/6
  1256 | D:2      | 1256 ||| READING 2 scrolls of identify.
  1256 | D:2      | 1256 ||| IDENTIFYING brown potion
  1257 | D:2      | 1257 ||| READING scroll of identify.
  1257 | D:2      | 1257 ||| IDENTIFYING scroll labelled ETEBASM GUDA
  1258 | D:2      | 1258 ||| READING scroll of brand weapon.
  1258 | D:2      | 1258 ||| BRANDING +1 shortbow.
  1259 | D:2      | 1259 ||| READING scroll labelled ZIKYME OWIYTZ.
  1262 | D:2      | 1262 ||| READING 2 scrolls labelled GYUS UZENLIT.
  1263 | D:2      | 1263 ||| DROPPING scroll of poison.
  1265 | D:2      | 1265 ||| Stepping ~*~*~tactically~*~*~ (cloud).
  1273 | D:2      | HP: 6/25 [poisoned by you (poison gas)]
  1512 | D:3      | Found a faded altar of an unknown god.
  1865 | D:3      | Reached skill level 8 in Ranged Weapons
  2069 | D:3      | 2069 ||| READING scroll of identify.
  2069 | D:3      | 2069 ||| IDENTIFYING 3 sedimented coppery potions
  2070 | D:3      | 2070 ||| READING scroll labelled WINOANGENT.
  2071 | D:3      | 2071 ||| READING scroll labelled OMA MUJIMMEANK.
  2172 | D:3      | 2172 ||| READING scroll labelled GEUDAE JIMUKK.
  2173 | D:3      | 2173 ||| DROPPING 3 potions of degeneration.
  2209 | D:4      | 2209 ||| PLANNING SEWER
  2227 | D:4      | Found a runed translucent door.
  2228 | D:4      | Noticed Crazy Yiuf
  2259 | D:4      | Reached XP level 5. HP: 29/29 MP: 7/7
  2289 | D:4      | Found a glowing drain.
  2298 | D:4      | 2298 ||| FLEEEEING.
  2299 | D:4      | 2299 ||| FLEEEEING.
  2300 | D:4      | 2300 ||| FLEEEEING.
  2301 | D:4      | 2301 ||| FLEEEEING.
  2302 | D:4      | 2302 ||| FLEEEEING.
  2303 | D:4      | 2303 ||| FLEEEEING.
  2304 | D:4      | 2304 ||| FLEEEEING.
  2329 | Sewer    | Entered a sewer
  2332 | Sewer    | Noticed Pargi
  2348 | Sewer    | HP: 4/29 [Pargi (5)]
  2349 | Sewer    | Slain by Pargi

Levels and vault maps discovered:
D:1:      saegor_arrival_simple_d, layout_basic, minmay_tromino_v2
D:2:      layout_loops_ring, serial_shops, nicolae_shop_waterfront,
          kennysheep_donut
D:3:      layout_basic, shapermc_ecumenical_altar_notcrosses
D:4:      layout_basic, minmay_temple_entry_antechambers,
          cheibrodos_sewer_entry_drain, hangedman_decor_push, uniq_grinder,
          uniq_crazy_yiuf_cottage, uniq_pikel
Sewer:    kennysheep_door_sewer

Skill      XL: |  1  2  3  4 |
---------------+-------------+-----
Ranged Weapons | 6 7 8 |  8.5
Fighting       | |  1.5
Dodging        | |  2.4
Stealth        | |  1.2

Action                     |  1- 3 |  4- 6 || total
---------------------------+-------+-------++-------
   Fire: Shortbow          |   117 |    86 ||   203
    Use: Scroll            |     3 |     9 ||    12
 Armour: Leather armour    |     6 |       ||     6
         Ring mail         |     5 |    29 ||    34
  Dodge: Dodged            |    27 |    25 ||    52

Table legend:
 A = Non-vault XP
 B = Vault XP
 C = Vault XP percentage of total XP
 D = Non-vault monster count
 E = Vault monster count
 F = Vault count percentage of total count
                 A         B        C        D         E       F
            +---------+---------+-------+---------+---------+-------
      Total |     205 |      14 |   6.4 |      66 |       7 |   9.6
            +---------+---------+-------+---------+---------+-------
        D:1 |      37 |       3 |   7.5 |      22 |       2 |   8.3
        D:2 |      59 |       0 |   0.0 |      23 |       0 |   0.0
        D:3 |      92 |       0 |   0.0 |      19 |       0 |   0.0
        D:4 |      17 |       9 |  34.6 |       2 |       4 |  66.7
      Sewer |       0 |       2 | 100.0 |       0 |       1 | 100.0
            +---------+---------+-------+---------+---------+-------
